 Dungeon Crawl Stone Soup version 0.29-a0-409-gd843f3a48c (webtiles) character file.

Game seed: 4200938812972758982

21 dolemite99 the Skirmisher (level 2, -2/24 HPs)
             Began as a Demonspawn Berserker on May 14, 2022.
             Was a Follower of Trog.
             Slain by a worm (10 damage)
             ... on level 2 of the Dungeon.
             The game lasted 00:01:24 (1422 turns).

dolemite99 the Skirmisher (Demonspawn Berserker)    Turns: 1422, Time: 00:01:24

Health: -2/24      AC:  2    Str: 17    XL:     2   Next: 62%
Magic:  2/2        EV: 12    Int: 14    God:    Trog [*.....]
Gold:   12         SH:  0    Dex: 12    Spells: 1/1 levels left

rFire   . . .      SeeInvis +   a - +0 war axe
rCold   . . .      Faith    .   (no shield)
rNeg    . . .      Spirit   .   b - +0 animal skin
rPois   .          Reflect  .   (no helmet)
rElec   .          Harm     .   (no cloak)
rCorr   .          Rampage  .   (no gloves)
Will    .....                   (no boots)
Stlth   +.........              (no amulet)
HPRegen 0.08/turn               f - ring of see invisible
MPRegen 0.08/turn               h - +6 ring of intelligence

@: no status effects
A: powered by death 1
a: Renounce Religion, Berserk


You were on level 2 of the Dungeon.
You worshipped Trog.
Trog was aware of your devotion.
You visited 1 branch of the dungeon, and saw 2 of its levels.

You collected 12 gold pieces.

Inventory:

Hand Weapons
 a - a +0 war axe (weapon)
 m - a +0 mace
Missiles
 i - 47 stones (quivered)
 j - a javelin
Armour
 b - a +0 animal skin (worn)
Jewellery
 f - a ring of see invisible (left hand)
 h - a +6 ring of intelligence (right hand)
Scrolls
 c - 3 scrolls of identify {unknown}
 d - a scroll of vulnerability {unknown}
 e - a scroll of fear {unknown}
Potions
 g - a potion of brilliance {unknown}
 k - a potion of invisibility {unknown}


   Skills:
 - Level 3.0 Fighting
 + Level 1.8(2.6) Axes
 - Level 2.9(3.2) Maces & Flails
 - Level 1.7 Armour
 - Level 1.7 Dodging


You had one spell level left.
You didn't know any spells.
Your spell library was empty.

Dungeon Overview and Level Annotations

Branches:
Dungeon (2/15)

Altars:


Innate Abilities, Weirdness & Mutations

You regenerate a little health from kills.


Message History

There is a stone staircase leading up here.
You see here a +0 dagger.
k - a scroll labelled WAYTROAMAL The air fills with toxic fumes!
As you read the scroll labelled WAYTROAMAL, it crumbles to dust.
It was a scroll of poison.
Unknown command.
Partly explored, can't reach some places.
You start waiting.
Done waiting.
Found a stone staircase leading down.
Found a robe.
k - a smoky coppery potion
Found a war axe.
A hobgoblin comes into view.
The hobgoblin shouts!
The hobgoblin barely misses you. The hobgoblin completely misses you.
You hit the hobgoblin.
The hobgoblin is moderately wounded.
The hobgoblin hits you but does no damage.
You slash the hobgoblin!
You kill the hobgoblin!
Trog accepts your kill.
No target in view!
No target in view!
No target in view!
A worm comes into view.
A worm is nearby!
Found 8 gold pieces.
You barely miss the worm. The worm bites you!
You barely miss the worm. The worm bites you but does no damage.
You hit the worm.
The worm is moderately wounded.
The worm bites you!
You don't know any spells.
You slash the worm!
The worm is severely wounded.
The worm bites you!
You die...

.. . ..$. ... .# #... #.#
### #. #... ...##.##. #...
#.....# #... ##.....####
#...### #.........#
#..w.####>....##.# ########
#@.........###.# #......#
#####..###..#.## #.###
#......## #........#..###
#....
#.......###.###..#......#
##### #...........#
...###..#.##
#.......#####.#..........##
#......## #.#######.....##
#......# # ##.......##
####.#### ##.........#


You could see a worm.

Vanquished Creatures
  A ball python (D:1)
  A bat (D:1)
  3 endoplasms (D:1)
  A giant cockroach (D:1)
  A goblin (D:1)
  2 hobgoblins
  A kobold (D:1)
  A quokka (D:1)
  5 frilled lizards (D:1)
  3 rats (D:1)
19 creatures vanquished.

Notes
Turn   | Place    | Note
-------+----------+-------------------------------------------
     0 | D:1      | dolemite99 the Demonspawn Berserker began the quest for the
                  | Orb.
     0 | D:1      | Reached XP level 1. HP: 18/18 MP: 1/1
    92 | D:1      | Found a faded altar of an unknown god.
   480 | D:1      | Reached skill level 1 in Axes
   519 | D:1      | Gained mutation: You regenerate a little health from kills.
                  | [demonic ancestry]
   519 | D:1      | Reached XP level 2. HP: 24/24 MP: 2/2
  1422 | D:2      | Slain by a worm

Illustrated notes

Levels and vault maps discovered:
D:1:      dpeg_arrival_signposts, layout_basic,
          hellmonk_ecumenical_altar_leap_of_faith, hangedman_decor_points,
          minmay_misc_feat_room
D:2:      layout_loops_cross, minmay_lizard_king, uniq_natasha

Skill      XL: |  1 |
---------------+----+-----
Axes           | 1 |  1.8
Fighting       | |  3.0
Maces & Flails | |  2.9
Armour         | |  1.7
Dodging        | |  1.7

Action                   || total
-------------------------++-------
Melee: Mace              ||    10
       War axe           ||    36
Throw: Javelin           ||    12
       Stone             ||     3
Invok: Berserk           ||     1
  Use: Scroll            ||     2
 Stab: Sleeping          ||     1
Armor: Animal skin       ||    11
Dodge: Dodged            ||    28

Table legend: (Time is in decaauts)
 A = Elapsed time spent in this place.
 B = Non-inter-level travel time spent in this place.
 C = Inter-level travel time spent in this place.
 D = Time resting spent in this place.
 E = Time spent auto-exploring this place.
 F = Levels seen in this place.
 G = Mean time per level.
                   A        B        C        D        E       F      G
               +--------+--------+--------+--------+--------+-----+--------+
         Total |   1454 |   1393 |     61 |    362 |    776 |   2 |  727.0 |
       Dungeon |   1454 |   1393 |     61 |    362 |    776 |   2 |  727.0 |
               +--------+--------+--------+--------+--------+-----+--------+

Top non-repeatable levels by time:
     D:1: 1211 daAuts
     D:2: 242 daAuts
